[Event "December 5 Early 2023"]
[Site "https://www.chess.com"]
[Date "2023.12.05"]
[Round "1"]
[White "Novozhilov, Semen"]
[Black "Szyszylo, Rafal"]
[Result "1-0"]
[Board "115"]
[TimeControl "180+1"]
[WhiteFideId "24289167"]
[BlackFideId "1109626"]
[WhiteElo "2707"]
[BlackElo "2405"]
[WhiteTeam "RUS"]
[BlackTeam "POL"]
[WhiteClock "0:01:14"]
[BlackClock "0:00:10"]

1. d4 d6 2. e4 Nf6 3. Nc3 g6 4. Nf3 Bg7 5. Be3 O-O 6. Qd2 Bg4 7. Ng5 h6 8. h3 Bc8 9. Nf3 h5 10. Bh6 Nc6 11. O-O-O Bd7 12. e5 Nh7 13. g4 dxe5 14. dxe5 Be6 15. Qe3 Qc8 16. gxh5 Bf5 17. Bxg7 Kxg7 18. Nh4 Qe6 19. Re1 Rad8 20. Rg1 Nd4 21. Nxf5+ Nxf5 22. Qf4 Kh8 23. Bc4 Qc6 24. Bxf7 Rd4 25. Re4 Rxe4 26. Nxe4 Rxf7 27. hxg6 Nd4 28. Qd2 Rg7 29. Qxd4 Nf8 30. Ng5 Kg8 31. e6 Nxe6 32. Nxe6 Rxg6 33. Rxg6+ Kf7 34. Qg7+ Ke8 35. Qg8+ Kd7 36. Qd8# 1-0

[Event "December 5 Early 2023"]
[Site "https://www.chess.com"]
[Date "2023.12.05"]
[Round "1"]
[White "Goldin, Roman"]
[Black "Arabidze, Meri"]
[Result "0-1"]
[Board "116"]
[TimeControl "180+1"]
[WhiteFideId "2803860"]
[BlackFideId "13604040"]
[WhiteElo "2405"]
[BlackElo "2704"]
[WhiteTeam "ISR"]
[BlackTeam "GEO"]
[WhiteClock "0:00:00"]
[BlackClock "0:01:08"]

1. e4 c5 2. Nf3 e6 3. c3 Nf6 4. e5 Nd5 5. g3 b6 6. Bg2 Bb7 7. O-O d6 8. exd6 Bxd6 9. d4 O-O 10. Re1 Nd7 11. Qd3 N7f6 12. a4 Qc7 13. Na3 a6 14. Nc4 Be7 15. a5 b5 16. Nce5 Rfd8 17. Ng5 Rf8 18. h4 h6 19. Ngxf7 Rxf7 20. Qg6 Bd6 21. Bxh6 Bxe5 22. Rxe5 Ne7 23. Qg5 Bxg2 24. Kxg2 Nf5 25. Bxg7 Nxg7 26. Rae1 Qb7+ 27. Kg1 cxd4 28. cxd4 Raf8 29. Rxe6 Nh7 30. Qg4 Rxf2 31. R1e4 Qc7 32. Re7 Qc1+ 33. Re1 Qh6 34. d5 Rxb2 0-1

[Event "December 5 Early 2023"]
[Site "https://www.chess.com"]
[Date "2023.12.05"]
[Round "1"]
[White "Krysa, Leandro"]
[Black "Zaksaite, Salomeja"]
[Result "1-0"]
[Board "117"]
[TimeControl "180+1"]
[WhiteFideId "116807"]
[BlackFideId "12801496"]
[WhiteElo "2703"]
[BlackElo "2405"]
[WhiteTeam "ARG"]
[BlackTeam "LTU"]
[WhiteClock "0:01:29"]
[BlackClock "0:00:00"]

1. e4 e6 2. d4 d5 3. exd5 exd5 4. c4 dxc4 5. Bxc4 Nf6 6. Qb3 Qe7+ 7. Ne2 Qb4+ 8. Nbc3 Qxb3 9. axb3 Bd6 10. Bf4 O-O 11. Bxd6 cxd6 12. Nb5 d5 13. Nc7 dxc4 14. Nxa8 Na6 15. bxc4 Bd7 16. Rxa6 bxa6 17. Nc7 Rc8 18. Nxa6 Rxc4 19. Kd2 Bb5 20. Ra1 Ne4+ 21. Ke3 Nd6 22. Nc5 1-0

[Event "December 5 Early 2023"]
[Site "https://www.chess.com"]
[Date "2023.12.05"]
[Round "1"]
[White "Barath1308"]
[Black "Paltrinieri, Nicholas"]
[Result "0-1"]
[Board "118"]
[TimeControl "180+1"]
[BlackFideId "828262"]
[WhiteElo "2404"]
[BlackElo "2701"]
[BlackTeam "ITA"]
[WhiteClock "0:00:09"]
[BlackClock "0:00:18"]

1. d4 g6 2. c4 Bg7 3. g3 d6 4. Nf3 Nc6 5. Bg2 e5 6. d5 Nce7 7. O-O f5 8. Nc3 Nf6 9. Bg5 O-O 10. e4 h6 11. Bxf6 Rxf6 12. Nd2 f4 13. f3 h5 14. b4 g5 15. c5 Bf8 16. Nc4 Ng6 17. Rc1 dxc5 18. b5 Bd6 19. a4 Bd7 20. a5 Kh7 21. Qb3 b6 22. axb6 axb6 23. Ra1 Rf8 24. Ra4 Rxa4 25. Qxa4 fxg3 26. hxg3 g4 27. Qc2 Qg5 28. Qd2 Qxd2 29. Nxd2 Ra8 30. Nc4 gxf3 31. Rxf3 Kg7 32. Kh2 h4 33. Bh3 hxg3+ 34. Rxg3 Rh8 35. Ne3 Kf6 36. Nf5 Nf4 37. Rf3 c4 38. Nd1 Bc5 39. Nde3 Bxe3 40. Rxe3 Bxf5 41. exf5 Rxh3+ 42. Rxh3 Nxh3 43. Kxh3 c3 0-1

[Event "December 5 Early 2023"]
[Site "https://www.chess.com"]
[Date "2023.12.05"]
[Round "1"]
[White "Wu, Derek"]
[Black "Chaika, Vitalii"]
[Result "1-0"]
[Board "119"]
[TimeControl "180+1"]
[WhiteFideId "30914558"]
[BlackFideId "14111802"]
[WhiteElo "2700"]
[BlackElo "2404"]
[WhiteTeam "USA"]
[BlackTeam "UKR"]
[WhiteClock "0:00:45"]
[BlackClock "0:00:00"]

1. e4 d6 2. d4 Nf6 3. Nc3 g6 4. Nf3 c6 5. a4 a5 6. Be2 Na6 7. O-O Bg7 8. h3 O-O 9. Be3 Nb4 10. Re1 Qc7 11. Qc1 Re8 12. e5 dxe5 13. dxe5 Nfd5 14. Nxd5 Nxd5 15. Bd2 Nb4 16. Bxb4 axb4 17. Bc4 h6 18. Qf4 e6 19. Bb3 c5 20. Nd2 Rd8 21. Nc4 b6 22. Rad1 Ba6 23. Rd6 Bxc4 24. Bxc4 Bxe5 25. Rxd8+ Rxd8 26. Qxe5 Qxe5 27. Rxe5 Rd1+ 28. Kh2 Rd2 29. Re2 Rd1 30. g4 Kg7 31. Kg3 Kf6 32. Kf3 g5 33. Re3 Rd4 34. b3 Rd1 35. Rd3 Rc1 36. Rd6 Ke5 37. Rxb6 Rxc2 38. a5 Ra2 39. a6 Kd4 40. Rb7 e5 41. Rd7+ Kc3 42. Rxf7 Ra3 43. a7 Kd4 44. Rd7+ Kc3 45. Bd5 1-0

[Event "December 5 Early 2023"]
[Site "https://www.chess.com"]
[Date "2023.12.05"]
[Round "1"]
[White "Zampronha, Wladimir Camilo"]
[Black "Hambleton, Aman"]
[Result "0-1"]
[Board "120"]
[TimeControl "180+1"]
[WhiteFideId "2103087"]
[BlackFideId "2606577"]
[WhiteElo "2404"]
[BlackElo "2700"]
[WhiteTeam "BRA"]
[BlackTeam "CAN"]
[WhiteClock "0:02:05"]
[BlackClock "0:02:10"]

1. e4 b6 2. Nf3 Bb7 3. Nc3 e6 4. d4 Bb4 5. Bd3 Nf6 6. Qe2 d5 7. e5 Ne4 8. Bd2 Bxc3 9. Bxc3 c5 10. O-O Nxc3 11. bxc3 c4 12. a4 cxd3 13. cxd3 Nc6 14. c4 dxc4 15. dxc4 Nxd4 16. Nxd4 Qxd4 17. a5 Qe4 0-1

[Event "December 5 Early 2023"]
[Site "https://www.chess.com"]
[Date "2023.12.05"]
[Round "1"]
[White "Hua, Lefong"]
[Black "Matthes, Aaron"]
[Result "1-0"]
[Board "121"]
[TimeControl "180+1"]
[WhiteFideId "2602253"]
[BlackFideId "16227310"]
[WhiteElo "2700"]
[BlackElo "2402"]
[WhiteTeam "CAN"]
[BlackTeam "GER"]
[WhiteClock "0:01:52"]
[BlackClock "0:00:49"]

1. d4 Nf6 2. c4 b6 3. Nc3 Bb7 4. f3 e6 5. e4 Bb4 6. Bd3 c5 7. d5 d6 8. Ne2 Nbd7 9. O-O Qe7 10. a3 Bxc3 11. Nxc3 e5 12. b4 h6 13. Rb1 Rc8 14. Qa4 O-O 15. Qxa7 Rc7 16. Qa4 Nh5 17. Re1 Qh4 18. Qd1 Ra8 19. Nb5 cxb4 20. axb4 Rcc8 21. Nxd6 1-0

[Event "December 5 Early 2023"]
[Site "https://www.chess.com"]
[Date "2023.12.05"]
[Round "1"]
[White "Sahil, Tickoo"]
[Black "Poormosavi, Seyed Kian"]
[Result "1/2-1/2"]
[Board "122"]
[TimeControl "180+1"]
[WhiteFideId "5019710"]
[BlackFideId "12585807"]
[WhiteElo "2402"]
[BlackElo "2694"]
[WhiteTeam "IND"]
[BlackTeam "IRI"]
[WhiteClock "0:00:22"]
[BlackClock "0:00:14"]

1. d4 Nf6 2. c4 b6 3. Nc3 Bb7 4. f3 d5 5. cxd5 Nxd5 6. e4 Nxc3 7. bxc3 e6 8. Bb5+ c6 9. Bc4 Be7 10. Ne2 O-O 11. O-O b5 12. Bb3 c5 13. Be3 Nc6 14. Qd2 Qc7 15. Rac1 Rfd8 16. Qb2 a6 17. a4 Na5 18. axb5 axb5 19. Ba2 Ba6 20. Rfd1 cxd4 21. cxd4 Nc4 22. Bxc4 bxc4 23. Nc3 Rdb8 24. Qd2 Bd6 25. e5 Ba3 26. Rb1 Rb3 27. d5 Qxe5 28. Bd4 Qf5 29. dxe6 Qxe6 30. Qg5 f6 31. Qg3 Rd8 32. Qf2 Qe7 33. Ne4 Bb7 34. Rxb3 cxb3 35. Qe2 Bxe4 36. fxe4 b2 37. Bxb2 Rxd1+ 38. Qxd1 Bc5+ 39. Kh1 Qxe4 40. h3 h5 41. Qd8+ Kh7 42. Qd1 Qf5 43. Bc3 Bf2 44. Be1 Be3 45. Bg3 Bh6 46. Bh2 Qg6 47. Qf1 h4 48. Bg1 Bg5 49. Bh2 Qe4 50. Bg1 f5 51. Bf2 Kg6 52. Qe1 Qxe1+ 53. Bxe1 Bf6 54. Kg1 Kf7 55. Kf1 g5 56. Ke2 Ke6 57. Kf3 Be7 58. Bd2 Kd5 59. Bc1 Kd4 60. Bd2 Kd3 61. Bc1 Kc2 62. Be3 Kd1 63. Bf2 Bf6 64. g3 hxg3 65. Bxg3 Kd2 66. Bf2 Kd3 67. Bg3 Be7 68. Bf2 Bd6 69. Be1 Bf4 70. Bf2 Kc4 71. h4 Kd5 72. hxg5 Bxg5 73. Bg3 Ke6 74. Bf2 Kf6 75. Bg3 Kg6 76. Bf2 Bf6 77. Bg3 Bg7 78. Bf2 Kh6 79. Bg3 Kg6 80. Bf2 Bf6 81. Be3 Bg5 82. Bxg5 f4 83. Bxf4 1/2-1/2

[Event "December 5 Early 2023"]
[Site "https://www.chess.com"]
[Date "2023.12.05"]
[Round "1"]
[White "Williams, Simon K"]
[Black "Caetano, Ryan Wesley Da Costa"]
[Result "1-0"]
[Board "123"]
[TimeControl "180+1"]
[WhiteFideId "404454"]
[BlackFideId "2188554"]
[WhiteElo "2694"]
[BlackElo "2402"]
[WhiteTeam "ENG"]
[BlackTeam "BRA"]
[WhiteClock "0:02:06"]
[BlackClock "0:01:07"]

1. d4 Nf6 2. Bg5 d5 3. Bxf6 exf6 4. e3 g6 5. Bd3 Bg7 6. Nd2 O-O 7. h4 c6 8. h5 f5 9. hxg6 fxg6 10. Nh3 Nd7 11. Nf4 Nf6 12. Qf3 Qb6 13. O-O-O a5 14. Qh3 Rf7 15. Nf3 a4 16. a3 Qc7 17. Ng5 Re7 18. Nxh7 1-0

[Event "December 5 Early 2023"]
[Site "https://www.chess.com"]
[Date "2023.12.05"]
[Round "1"]
[White "Al-Saffar, Araz Basim Mohammed S"]
[Black "Csonka, Balazs"]
[Result "0-1"]
[Board "124"]
[TimeControl "180+1"]
[WhiteFideId "4801040"]
[BlackFideId "742910"]
[WhiteElo "2401"]
[BlackElo "2689"]
[WhiteTeam "IRQ"]
[BlackTeam "HUN"]
[WhiteClock "0:00:03"]
[BlackClock "0:00:16"]

1. Nf3 Nf6 2. d4 g6 3. c4 Bg7 4. Nc3 d5 5. Bg5 c5 6. Bxf6 Bxf6 7. cxd5 Qb6 8. Qb3 cxd4 9. Qxb6 axb6 10. Nb5 O-O 11. Nbxd4 Na6 12. e3 Nb4 13. Bc4 Bg4 14. Ke2 Rfd8 15. Rhd1 Nxd5 16. h3 Bxf3+ 17. Kxf3 e6 18. a3 Ne7 19. Ke2 Bxd4 20. Rxd4 Rxd4 21. exd4 Kf8 22. Rd1 Rd8 23. Ke3 Nf5+ 24. Ke4 Ke7 25. Bb3 Rc8 26. d5 Nd6+ 27. Ke3 e5 28. f3 f5 29. g3 Kf6 30. Kd3 g5 31. Rd2 h5 32. Rc2 Rxc2 33. Bxc2 h4 34. gxh4 gxh4 35. Ke3 Kg5 36. Bd3 Ne8 37. f4+ exf4+ 38. Kf3 Nd6 39. b3 Nc8 40. a4 Nd6 41. Bb5 Nf7 42. Bd7 Ne5+ 43. Ke2 Nxd7 44. Kd3 Kf6 45. Kd4 f3 46. Ke3 Ke5 47. Kxf3 Nf6 48. d6 Kxd6 49. Kf4 Ke6 50. Kg5 Ke5 51. Kxh4 f4 52. b4 f3 53. Kg3 Ke4 54. Kf2 Kf4 55. h4 Ne4+ 56. Kf1 Ke3 57. h5 f2 58. h6 Kf3 59. h7 b5 60. h8=Q Ng3# 0-1

[Event "December 5 Early 2023"]
[Site "https://www.chess.com"]
[Date "2023.12.05"]
[Round "1"]
[White "Makhnev, Denis"]
[Black "Federzoni, Enzo"]
[Result "1-0"]
[Board "125"]
[TimeControl "180+1"]
[WhiteFideId "13707647"]
[BlackFideId "2173301"]
[WhiteElo "2688"]
[BlackElo "2401"]
[WhiteTeam "KAZ"]
[BlackTeam "BRA"]
[WhiteClock "0:00:09"]
[BlackClock "0:00:17"]

1. Nf3 Nf6 2. c4 e6 3. g3 d5 4. Bg2 c6 5. b3 Be7 6. O-O O-O 7. d4 b6 8. Bb2 Nbd7 9. Qc2 Ba6 10. Nbd2 Rc8 11. e4 dxe4 12. Nxe4 Nxe4 13. Qxe4 Nf6 14. Qc2 Bb7 15. Rad1 Qc7 16. c5 Rcd8 17. Ne5 Nd5 18. Rfe1 b5 19. a3 Bf6 20. h4 a5 21. h5 h6 22. Bf1 b4 23. a4 Bxe5 24. dxe5 Qc8 25. Qc4 Rd7 26. Bd3 f5 27. exf6 Nxf6 28. Qxe6+ Rdf7 29. Bg6 Qxe6 30. Rxe6 Rc7 31. Bxf6 gxf6 32. Red6 Re7 33. Rd7 Rxd7 34. Rxd7 Ba6 35. Rd6 Be2 36. Rxc6 Bf3 37. Rd6 Rc8 38. Rd3 Be2 39. Rd5 Bf3 40. Rd3 Be2 41. Re3 Bd1 42. Rd3 Bc2 43. Rf3 Bxg6 44. hxg6 Rxc5 45. Rxf6 Rc3 46. Ra6 Rxb3 47. Rxa5 Kg7 48. Ra6 Ra3 49. Kg2 b3 50. a5 b2 51. Rb6 Rxa5 52. Rxb2 Kxg6 53. Rb6+ Kg7 54. f4 Ra3 55. Kh3 Ra1 56. Kg4 Ra2 57. Rb7+ Kf6 58. Rb6+ Kg7 59. Rc6 Ra5 60. Re6 Rb5 61. Re5 Rb1 62. Kf5 Rg1 63. g4 Ra1 64. Re7+ Kf8 65. Rh7 Ra5+ 66. Kg6 Ra6+ 67. Kh5 Ra4 68. f5 Kg8 69. Rxh6 Kg7 70. Rg6+ Kf7 71. Rc6 Ra1 72. Kg5 Ra7 73. Rh6 Kg7 74. Rg6+ Kh7 75. Rb6 Kg7 76. Kh5 Kh7 77. g5 Re7 78. f6 Re8 79. g6+ Kh8 80. Kh6 Rd8 81. f7 Rd6 82. f8=Q# 1-0

[Event "December 5 Early 2023"]
[Site "https://www.chess.com"]
[Date "2023.12.05"]
[Round "1"]
[White "Marcziter, Dmitrii"]
[Black "Nigalidze, Gaioz"]
[Result "0-1"]
[Board "126"]
[TimeControl "180+1"]
[WhiteFideId "13900765"]
[BlackFideId "13603078"]
[WhiteElo "2400"]
[BlackElo "2687"]
[WhiteTeam "GER"]
[BlackTeam "GEO"]
[WhiteClock "0:00:00"]
[BlackClock "0:00:52"]

1. d4 Nf6 2. c4 c5 3. d5 e6 4. Nc3 exd5 5. cxd5 d6 6. Nf3 g6 7. Nd2 Bg7 8. Nc4 a6 9. Bf4 Bf8 10. a4 Be7 11. h3 Qc7 12. e3 Nbd7 13. a5 b5 14. axb6 Nxb6 15. Be2 Bb7 16. e4 O-O 17. O-O Rfe8 18. Qc2 Bf8 19. Na5 Nfd7 20. Rfe1 Bg7 21. Bf1 Be5 22. Bh6 Bd4 23. Kh1 Re7 24. Bg5 Bf6 25. Bxf6 Nxf6 26. Nxb7 Qxb7 27. f4 Nh5 28. Qf2 c4 29. g4 Nf6 30. Bg2 Nbd7 31. e5 Ne8 32. e6 Nc5 33. exf7+ Rxf7 34. Re6 Rb8 35. Rae1 Ng7 36. Rxd6 Nd3 37. Qd2 Nxe1 38. Qxe1 Qxb2 39. Rxa6 Rxf4 40. d6 Rd4 41. Nd5 Rd2 42. Ne7+ Kh8 43. Qe4 c3 44. Ra8 c2 45. Rxb8+ Qxb8 46. Nc6 c1=Q+ 0-1

[Event "December 5 Early 2023"]
[Site "https://www.chess.com"]
[Date "2023.12.05"]
[Round "1"]
[White "Dobrikov, Marco"]
[Black "Herman, Daniel"]
[Result "0-1"]
[Board "127"]
[TimeControl "180+1"]
[WhiteFideId "12950378"]
[BlackFideId "30935008"]
[WhiteElo "2681"]
[BlackElo "2398"]
[WhiteTeam "GER"]
[BlackTeam "USA"]
[WhiteClock "0:00:31"]
[BlackClock "0:00:10"]

1. d4 g6 2. c3 Bg7 3. c4 c5 4. d5 Nf6 5. Nc3 O-O 6. e4 d6 7. Bd3 e6 8. Nge2 exd5 9. cxd5 Nbd7 10. O-O Re8 11. f3 Rb8 12. a4 a6 13. a5 b5 14. axb6 Qxb6 15. Kh1 Ne5 16. Ra2 Nxd3 17. Qxd3 Nd7 18. Bf4 Ne5 19. Qc2 Bd7 20. Rfa1 Bb5 21. Nc1 f5 22. exf5 gxf5 23. Qxf5 Rf8 24. Qe6+ Kh8 25. Bh6 Rbe8 26. Bxg7+ Kxg7 27. Qh3 Ng6 28. Nb3 Bc4 29. Ra3 Bxb3 30. Rxa6 Qb4 31. Ra7+ Re7 32. Rxe7+ Nxe7 33. Qe6 Ng6 34. Qxd6 Rf7 35. Ne4 Qd4 36. Ng5 Qxd5 37. Qxd5 Bxd5 38. Nxf7 Bxf7 39. Kg1 c4 40. Kf2 Nf4 41. Ke3 Nxg2+ 42. Kd4 Nf4 43. Rg1+ Kf6 44. Rg4 Ne2+ 45. Kc5 Nc1 46. Kb4 Nd3+ 47. Kc3 Nf2 48. Rh4 h5 49. Rd4 Nh1 50. h4 Ng3 51. Rf4+ Nf5 52. Re4 Be6 53. Kb4 Nd6 54. Rf4+ Ke5 55. Rf8 Nf5 56. Rh8 Bf7 57. Rh7 Kf6 58. Rxh5 Bxh5 59. Kxc4 Bxf3 60. Kc5 Nxh4 61. b4 Nf5 62. b5 Ke6 63. Kb6 Kd7 64. Ka7 Kc8 65. b6 Nd6 66. Ka6 Kb8 67. b7 Bxb7+ 68. Kb6 Nc8+ 69. Kc5 Kc7 70. Kd4 Bc6 71. Ke5 Kd7 72. Kd4 Kd6 73. Kc4 Ne7 74. Kd4 Bd5 75. Kc3 Kc5 76. Kd3 Nf5 77. Kc3 Be4 78. Kd2 Kd4 79. Kc1 Bd3 80. Kb2 Kc4 81. Ka3 Bc2 82. Kb2 Nd4 83. Kc1 Kd3 84. Kb2 Ba4 85. Ka3 Bc6 86. Kb2 Kc4 87. Ka3 Kc3 88. Ka2 Nc2 89. Kb1 Bd5 90. Kc1 Ba2 91. Kd1 Nd4 92. Kc1 Ne2+ 93. Kd1 Kd3 94. Ke1 Ke3 95. Kd1 Bb3+ 96. Ke1 Bc2 97. Kf1 Nf4 98. Kg1 Kf3 99. Kh2 Bd3 100. Kg1 Be2 101. Kh2 Bf1 102. Kg1 Bh3 103. Kh2 Kg4 104. Kg1 Kg3 105. Kh1 Nd3 106. Kg1 Nc1 107. Kh1 Bg2+ 108. Kg1 Ne2# 0-1

[Event "December 5 Early 2023"]
[Site "https://www.chess.com"]
[Date "2023.12.05"]
[Round "1"]
[White "Sai Han Thiha"]
[Black "Tasev, Dejan"]
[Result "1-0"]
[Board "128"]
[TimeControl "180+1"]
[WhiteFideId "13012290"]
[BlackFideId "936618"]
[WhiteElo "2395"]
[BlackElo "2680"]
[WhiteTeam "MYA"]
[BlackTeam "SRB"]
[WhiteClock "0:00:37"]
[BlackClock "0:00:20"]

1. Nf3 Nf6 2. g3 g6 3. b3 Bg7 4. Bb2 O-O 5. Bg2 b6 6. Ne5 c6 7. c4 Bb7 8. d4 d6 9. Nd3 Nbd7 10. e4 Qc7 11. O-O e5 12. d5 c5 13. Nc3 a6 14. f4 exf4 15. gxf4 Rae8 16. Qf3 b5 17. Rae1 bxc4 18. bxc4 Nb6 19. e5 Nh5 20. exd6 Bd4+ 21. Kh1 Qxd6 22. Ne4 Rxe4 23. Qxe4 Nxc4 24. Bxd4 Nd2 25. Qe5 Qxe5 26. Bxe5 Nxf1 27. Rxf1 Rd8 28. d6 Bxg2+ 29. Kxg2 f6 30. Nxc5 fxe5 31. fxe5 Ng7 32. d7 Nf5 33. e6 Kf8 34. Rxf5+ gxf5 35. Nb7 Ke7 36. Nxd8 Kxd8 37. Kf3 1-0

[Event "December 5 Early 2023"]
[Site "https://www.chess.com"]
[Date "2023.12.05"]
[Round "1"]
[White "Souleidis, Georgios"]
[Black "Hoffmann, Asa"]
[Result "1-0"]
[Board "129"]
[TimeControl "180+1"]
[WhiteFideId "4206827"]
[BlackFideId "2001470"]
[WhiteElo "2679"]
[BlackElo "2388"]
[WhiteTeam "GRE"]
[BlackTeam "USA"]
[WhiteClock "0:00:19"]
[BlackClock "0:00:29"]

1. e4 d6 2. d4 Nf6 3. Nc3 c6 4. f4 Qa5 5. Bd3 e5 6. Nf3 exd4 7. Nxd4 Qb6 8. Nb3 a5 9. a4 Na6 10. Qe2 Nb4 11. Be3 Nxd3+ 12. Qxd3 Qc7 13. O-O-O Be7 14. e5 dxe5 15. fxe5 Ng4 16. Bd4 O-O 17. Qg3 Be6 18. Ne4 Kh8 19. Nbc5 Bxc5 20. Nxc5 Nh6 21. Bc3 Rad8 22. Qf4 Rxd1+ 23. Rxd1 Rd8 24. Rxd8+ Qxd8 25. Nxb7 Qd5 26. Qd2 Qa2 27. b3 Qa3+ 28. Bb2 Qf8 29. Nxa5 Qa8 30. Bc3 Nf5 31. g3 Ne7 32. Qd6 Nd5 33. Bd2 1-0

[Event "December 5 Early 2023"]
[Site "https://www.chess.com"]
[Date "2023.12.05"]
[Round "1"]
[White "Kiremitciyan, Ari"]
[Black "Papasimakopoulos, Alexandros"]
[Result "1/2-1/2"]
[Board "130"]
[TimeControl "180+1"]
[WhiteFideId "6373445"]
[BlackFideId "4244125"]
[WhiteElo "2386"]
[BlackElo "2678"]
[WhiteTeam "TUR"]
[BlackTeam "GRE"]
[WhiteClock "0:00:13"]
[BlackClock "0:00:10"]

1. Nf3 d5 2. e3 c6 3. c4 Nf6 4. Nc3 e6 5. b3 Be7 6. Bb2 b6 7. d4 Bb7 8. Bd3 Nbd7 9. O-O Rc8 10. e4 dxe4 11. Nxe4 Nxe4 12. Bxe4 Nf6 13. Bc2 c5 14. dxc5 Qxd1 15. Raxd1 Bxc5 16. Ne5 h5 17. h3 h4 18. Bd4 Rh5 19. f4 Rd8 20. Bxc5 bxc5 21. Rxd8+ Kxd8 22. Nxf7+ Ke7 23. Ne5 Be4 24. Bxe4 Nxe4 25. Rd1 Nf6 26. Nc6+ Kf7 27. Nxa7 Rf5 28. Rf1 Nh5 29. Nb5 Ke7 30. Nc3 Nxf4 31. Kh2 e5 32. Nd5+ Ke6 33. Nxf4+ exf4 34. Rd1 f3 35. Rf1 f2 36. g3 g5 37. gxh4 gxh4 38. Kg2 Rg5+ 39. Kxf2 Rg3 40. Rg1 Rxh3 41. Rg6+ Ke5 42. Rg5+ Kd4 43. Rd5+ Kc3 44. Rxc5 Rh2+ 45. Kf3 Rxa2 46. Rh5 Kxb3 47. Rxh4 Kb4 48. Ke3 Ra8 49. Kd3 Rd8+ 50. Rd4 Rh8 51. Rd5 Rh3+ 52. Kd4 Rh4+ 53. Kd3 Rxc4 54. Rd4 Rxd4+ 55. Kxd4 1/2-1/2

[Event "December 5 Early 2023"]
[Site "https://www.chess.com"]
[Date "2023.12.05"]
[Round "1"]
[White "Volkov, Maksim"]
[Black "Matveeva, Olga"]
[Result "1-0"]
[Board "131"]
[TimeControl "180+1"]
[WhiteFideId "54123070"]
[BlackFideId "24107018"]
[WhiteElo "2676"]
[BlackElo "2381"]
[WhiteTeam "RUS"]
[BlackTeam "RUS"]
[WhiteClock "0:02:14"]
[BlackClock "0:00:00"]

1. d4 d5 2. c4 e6 3. Nf3 Nf6 4. g3 Bb4+ 5. Bd2 Be7 6. Bg2 O-O 7. O-O Nbd7 8. Qc2 c6 9. Rc1 b6 10. a4 a5 11. cxd5 cxd5 12. Nc3 Ba6 13. Nb5 Bxb5 14. axb5 Rc8 15. Qb3 Ne4 16. Bf4 Ndf6 17. Rc6 Bd6 18. Rac1 Rxc6 19. bxc6 Bxf4 20. gxf4 Qc7 21. Ne5 Rc8 22. e3 Nd6 23. Bf1 Nfe4 24. Ba6 Rd8 25. Bd3 f6 26. Nf3 Rb8 27. Bb1 1-0

[Event "December 5 Early 2023"]
[Site "https://www.chess.com"]
[Date "2023.12.05"]
[Round "1"]
[White "Carre, Sylvain"]
[Black "Goltsev, Dmitry"]
[Result "1-0"]
[Board "132"]
[TimeControl "180+1"]
[WhiteFideId "642118"]
[BlackFideId "24176710"]
[WhiteElo "2378"]
[BlackElo "2669"]
[WhiteTeam "FRA"]
[BlackTeam "RUS"]
[WhiteClock "0:00:08"]
[BlackClock "0:00:00"]

1. d4 e6 2. Bf4 a6 3. e3 Nf6 4. Nf3 b5 5. a4 Bb7 6. axb5 axb5 7. Rxa8 Bxa8 8. Bxb5 Be7 9. O-O O-O 10. h3 Nd5 11. Bg3 f5 12. c4 Nf6 13. Nc3 Nc6 14. Ne5 Nb4 15. c5 c6 16. Bc4 Bb7 17. Qb3 Qa5 18. Bh4 Bc8 19. Na4 Nbd5 20. Nb6 Rd8 21. Bxd5 Nxd5 22. Bxe7 Nxe7 23. Nxc8 Nxc8 24. Qa3 Qc7 25. Ra1 Qb7 26. b4 Ne7 27. Qa5 Rb8 28. Nc4 Qxb4 29. Qxb4 Rxb4 30. Ra8+ Kf7 31. Ne5+ Kf6 32. Nxd7+ Kg5 33. Ne5 Rb2 34. g3 Kf6 35. Ra6 Nd5 36. h4 Rb1+ 37. Kg2 Rb2 38. Kf3 g5 39. hxg5+ Kxg5 40. Rxc6 Nc3 41. Rxe6 f4 42. gxf4+ Kf5 43. Rh6 Ne4 44. Rh5+ Ke6 45. Kxe4 Rxf2 46. Rh6+ Ke7 47. Rxh7+ Ke8 48. Ra7 Rb2 49. c6 Kd8 50. c7+ Kc8 51. Ra5 Rb6 52. Rd5 Re6 53. f5 Rh6 54. Ng4 Rh4 55. Kf4 Rh1 56. Rd8+ Kxc7 57. Rd5 Rf1+ 58. Ke5 Kc6 59. Rd6+ Kc7 60. Rg6 Kd7 61. e4 Ke7 62. d5 Kf7 63. Rf6+ Kg7 64. Rc6 Rg1 65. Nf6 Kh8 66. Rc8+ Kg7 67. Rg8+ Kh6 68. Ng4+ Kh7 69. Nf6+ Kh6 70. Rd8 Ra1 71. d6 Ra7 72. Ke6 Kg7 73. Rd7+ Kh8 74. Ng8 Ra8 75. Ne7 Rb8 76. Rc7 Ra8 77. Rc8+ 1-0

[Event "December 5 Early 2023"]
[Site "https://www.chess.com"]
[Date "2023.12.05"]
[Round "1"]
[White "Mgeladze, Tamaz"]
[Black "Tymrakiewicz, Rafal"]
[Result "1-0"]
[Board "133"]
[TimeControl "180+1"]
[WhiteFideId "13601202"]
[BlackFideId "1108832"]
[WhiteElo "2669"]
[BlackElo "2377"]
[WhiteTeam "GEO"]
[BlackTeam "POL"]
[WhiteClock "0:01:23"]
[BlackClock "0:00:00"]

1. c4 c6 2. Nf3 d5 3. g3 g6 4. Bg2 d4 5. O-O Bg7 6. e3 c5 7. exd4 cxd4 8. Re1 Nc6 9. d3 Nh6 10. Bxh6 Bxh6 11. Nbd2 O-O 12. a3 a5 13. Qc2 Bg7 14. c5 Be6 15. Nc4 a4 16. Rxe6 fxe6 17. Re1 e5 18. Nfxe5 Bxe5 19. Nxe5 Rf6 20. Qc4+ Kg7 21. Ng4 Qg8 22. Nxf6 Qxc4 23. Nh5+ gxh5 24. dxc4 Kf6 25. Bd5 e5 26. f4 exf4 27. gxf4 d3 28. Kf2 Nd4 29. Rd1 Nb3 30. Bxb7 Rd8 31. c6 Nc5 32. c7 Nxb7 33. cxd8=Q+ Nxd8 34. Rxd3 Nb7 35. Rd5 1-0

[Event "December 5 Early 2023"]
[Site "https://www.chess.com"]
[Date "2023.12.05"]
[Round "1"]
[White "Batbold, Nyamsuren"]
[Black "Nagare Kaivalya Sandip"]
[Result "0-1"]
[Board "134"]
[TimeControl "180+1"]
[WhiteFideId "4903331"]
[BlackFideId "25957929"]
[WhiteElo "2374"]
[BlackElo "2665"]
[WhiteTeam "MGL"]
[BlackTeam "IND"]
[WhiteClock "0:00:00"]
[BlackClock "0:00:34"]

1. d4 Nf6 2. Nf3 g6 3. g3 Bg7 4. Bg2 O-O 5. O-O d6 6. b3 a5 7. Bb2 a4 8. c4 axb3 9. axb3 Rxa1 10. Bxa1 c6 11. Nbd2 Bf5 12. b4 Nbd7 13. Qb3 h6 14. Nh4 Bg4 15. e4 e5 16. h3 Be2 17. Re1 Bh5 18. g4 Bxg4 19. hxg4 Nxg4 20. Nhf3 exd4 21. Bxd4 Nde5 22. Nxe5 dxe5 23. Be3 h5 24. Nf3 Qf6 25. c5 Nxe3 26. Qxe3 Rd8 27. Qb3 g5 28. Rd1 g4 29. Nh2 Rd4 30. Rxd4 exd4 31. Qd3 Qf4 32. Nf1 h4 33. Qd2 Be5 34. Qxf4 Bxf4 35. e5 Bxe5 36. b5 d3 37. bxc6 bxc6 38. Bxc6 Bd4 39. Bd7 g3 40. c6 Bxf2+ 41. Kg2 Bb6 42. Nd2 Kf8 43. Bf5 Ke7 44. Bxd3 Kd6 45. Be4 Bc7 46. Nf3 Bd8 47. Nd4 Ke5 48. Nf5 Kxe4 49. Nxh4 Bc7 50. Nf3 Kd5 51. Ng5 f5 52. Kf3 Kxc6 53. Nh3 Kd5 54. Ng1 Kd4 55. Ne2+ Kd3 56. Ng1 Kd2 57. Nh3 Ke1 58. Ng5 Kf1 59. Nh3 g2 0-1